 Dungeon Crawl Stone Soup version 0.29.1-15-g9cfb28693d (webtiles) character file.

Game seed: 10656763201184963819

363 DoomGuy the Covered (level 6, -1/61 HPs)
             Began as a Minotaur Fighter on Mar 28, 2023.
             Slain by a hornet (2 damage)
             ... on level 4 of the Dungeon.
             The game lasted 00:05:57 (1233 turns).

DoomGuy the Covered (Minotaur Fighter)              Turns: 1233, Time: 00:05:58

Health: -1/61      AC:  8    Str: 20    XL:     6   Next: 39%
Magic:  5/5        EV: 10    Int:  7    God:
Gold:   97         SH:  0    Dex: 10    Spells: 5/5 levels left

rFire   . . .      SeeInvis .   e - +13 scythe of Curses {drain, Drain}
rCold   . . .      Faith    .   (shield currently unavailable)
rNeg    . . .      Spirit   .   b - +1 scale mail
rPois   .          Reflect  .   (helmet restricted)
rElec   .          Harm     .   (no cloak)
rCorr   .          Rampage  .   (no gloves)
Will    .....                   (no boots)
Stlth   ..........              (no amulet)
HPRegen 0.20/turn               (no ring)
MPRegen 0.09/turn               (no ring)

@: lethally poisoned (-1 -> -2), slowed, very slow
A: horns 2, retaliatory headbutt, robust 1, evolution 1
a: no special abilities


You were on level 4 of the Dungeon.
You visited 1 branch of the dungeon, and saw 4 of its levels.
You also visited: Sewer.

You collected 97 gold pieces.

Inventory:

Hand Weapons
 a - a +1 war axe
 e - the +13 scythe of Curses (weapon) {drain, Drain}
   (You found it on level 3 of the Dungeon)

   A truly terrible weapon, it drains the life of any living foe it strikes.
   It inflicts powerful necromantic curses on any living foe it strikes.
   Drain:     It drains your maximum health when unequipped.
Armour
 b - a +1 scale mail (worn)
 c - a +0 buckler
Wands
 f - a wand of polymorph (10)
Scrolls
 d - a scroll of identify {unknown}


   Skills:
 * Level 5.1 Fighting
 * Level 3.7(3.9) Axes
 * Level 1.7(3.0) Polearms
 * Level 5.3 Armour
 * Level 1.7 Dodging
 * Level 1.4 Stealth
 * Level 4.8 Shields


You had 5 spell levels left.
You didn't know any spells.
Your spell library was empty.

Dungeon Overview and Level Annotations

Branches:
Dungeon (4/15)              Sewer (visited)
 Temple: D:4-7

Altars:


Innate Abilities, Weirdness & Mutations

You have a pair of horns on your head.
You reflexively headbutt those who attack you in melee.
You are robust. (+10% HP)
You have hidden genetic potential.


Message History

Aiming: Polymorph
Press: ? - help, Shift-Dir - straight line, f - hornet
Aim: a hornet (will become a harpy, a rime drake, or a sky beast, chance to affect: 39%)
Okay, then.
You aren't carrying any potions.
Unknown command.
You barely miss the hornet. The hornet barely misses you.
You furiously retaliate!
You headbutt the hornet. The hornet barely misses you. x2
You closely miss the hornet. Your headbutt misses the hornet.
The hornet is lightly wounded.
The hornet closely misses you. The hornet stings you!
You are poisoned.
You suddenly lose the ability to move!
You feel very sick.
The hornet stings you but does no damage.
The hornet barely misses you.
You feel very sick. The hornet stings you!
You feel yourself slow down.
You can move again.
You closely miss the hornet.
The hornet is lightly wounded.
You feel yourself speed up.
You feel very sick.
The hornet stings you but does no damage.
The hornet completely misses you. You furiously retaliate!
You headbutt the hornet!
The hornet stings you but does no damage.
The hornet stings you!
* * * LOW HITPOINT WARNING * * *
You feel yourself slow down. The hornet barely misses you.
You furiously retaliate!
You headbutt the hornet.
Unknown command.
You barely miss the hornet.
The hornet is moderately wounded.
You feel yourself speed up.
You feel very sick. The hornet stings you!
* * * LOW HITPOINT WARNING * * *
You feel yourself slow down. The hornet stings you.
You die...

############
#...)......# .
#..........# .
#..........# ..
#..........# ####..
###...@....).# ###.....
#.....y......# #.....##
#..>....########.#....#
#.......######.....##.#
#.......'.........†....
#........########.#.....
#........# ####.####
#........# #<...#
#.......... ###.####


You could see a hornet.

Vanquished Creatures
  A black bear (D:3)
  Pargi (Sewer)
  A gnoll bouda (D:4)
  A jelly (D:3)
  4 gnolls (D:4)
  An adder (D:3)
  3 river rats
  A dart slug (D:4)
  An orc (D:4)
  4 ball pythons
  An endoplasm (D:4)
  4 giant cockroaches
  A goblin (D:4)
  3 hobgoblins
  2 jackals (D:3)
  4 kobolds (D:3)
  3 quokkas (D:3)
  8 frilled lizards
  3 rats
47 creatures vanquished.

Vanquished Creatures (collateral kills)
  A goblin (D:3)
  A jackal (D:3)
  A frilled lizard (D:3)
3 creatures vanquished.

Grand Total: 50 creatures vanquished

Notes
Turn   | Place    | Note
-------+----------+-------------------------------------------
     0 | D:1      | DoomGuy the Minotaur Fighter began the quest for the Orb.
     0 | D:1      | Reached XP level 1. HP: 19/19 MP: 0/0
   199 | D:3      | Found the +13 scythe of Curses {drain, Drain}
   214 | D:3      | Reached XP level 2. HP: 27/27 MP: 1/1
   248 | D:3      | Noticed a black bear
   255 | D:3      | Killed a black bear
   256 | D:3      | Reached skill level 1 in Dodging
   256 | D:3      | Reached skill level 1 in Stealth
   256 | D:3      | Reached XP level 3. HP: 16/34 MP: 2/2
   256 | D:3      | Reached XP level 4. HP: 19/41 MP: 3/3
   322 | D:3      | Reached XP level 5. HP: 30/47 MP: 4/4
   343 | D:3      | Found a glowing drain.
   352 | Sewer    | Entered a sewer
   430 | Sewer    | Noticed Pargi
   432 | Sewer    | Killed Pargi
   433 | Sewer    | Reached skill level 5 in Armour
   489 | Sewer    | Gained mutation: You have hidden genetic potential. [potion
                  | of mutation]
   489 | Sewer    | Gained mutation: You are robust. (+10% HP) [potion of
                  | mutation]
   630 | D:3      | Reached skill level 5 in Fighting
   630 | D:3      | Reached XP level 6. HP: 61/61 MP: 5/5
   853 | D:4      | Reached skill level 1 in Polearms
   904 | D:4      | Noticed Edmund
   915 | D:4      | HP: 3/61 [Edmund/+2 dire flail of protection (4)]
   917 | D:4      | Noticed Edmund
   917 | D:4      | Edmund changed into Edmund the gnoll
   919 | D:4      | Killed Edmund the gnoll
  1224 | D:4      | Noticed a hornet
  1229 | D:4      | Paralysed by a hornet for 3 turns
  1233 | D:4      | HP: 1/61 [hornet (11)]
  1233 | D:4      | Slain by a hornet

Illustrated notes

Levels and vault maps discovered:
D:1:      wheals_arrival_linesprint, layout_loops_corners,
          ebering_ecumenical_altar_webs, serial_bayou_ford_a
D:2:      layout_loops_ring, minmay_misc_feat_secret_circle
D:3:      layout_rooms, gup_sewer_entry_spiral, st_stairs_11
D:4:      layout_basic, uniq_edmund

Skill      XL: |  1  2  3  4  5  6 |
---------------+-------------------+-----
Fighting       | 4 5 |  5.1
Armour         | 4 5 |  5.3
Dodging        | 1 |  1.7
Stealth        | 1 |  1.4
Shields        | 4 |  4.8
Axes           | 3 |  3.7
Polearms       | 1 |  1.7

Action                   |  1- 3 |  4- 6 || total
-------------------------+-------+-------++-------
Melee: War axe           |    17 |    35 ||    52
       Headbutt          |     1 |    10 ||    11
       Scythe            |       |    48 ||    48
Evoke: Wand              |       |     3 ||     3
  Use: Scroll            |     2 |     7 ||     9
       Potion            |     1 |     6 ||     7
 Stab: Invisible         |       |     1 ||     1
Armor: Scale mail        |     4 |    48 ||    52
Dodge: Dodged            |    10 |    74 ||    84
Block: Buckler           |     8 |     7 ||    15
